 Dungeon Crawl Stone Soup version 0.20.1-1-g8b1a95d (webtiles) character file.

16259 homeworkjunkie the Severer (level 12, -3/106 HPs)
             Began as a Hill Orc Fighter on Nov 20, 2017.
             Was the Champion of Okawaru.
             Slain by an orc warrior
             ... wielding a cursed -1 scimitar
              (22 damage)
             ... on level 2 of the Orcish Mines.
             The game lasted 00:28:20 (14264 turns).

homeworkjunkie the Severer (Hill Orc Fighter)      Turns: 14264, Time: 00:28:20

Health: -3/106     AC: 30    Str: 37    XL:     12   Next: 35%
Magic:  16/16      EV:  8    Int: 17    God:    Okawaru [******]
Gold:   781        SH: 13    Dex:  6    Spells: 11/11 levels left

rFire    . . .     SeeInvis .   a - +2 war axe
rCold    x . .     Gourm    .   c - +0 shield
rNeg     + . .     Faith    .   z - +2 plate armour
rPois    .         Spirit   .   i - +2 helmet
rElec    .         Reflect  .   (no cloak)
rCorr    .         Harm     .   B - +1 pair of gloves {archery}
MR       +....                  t - +2 pair of boots "Toete" {rN+ Str+4 Dex-2}
Stlth    ..........             C - amulet of regeneration
Regen    0.7/turn               g - +5 ring of protection
MPRegen  0.2/turn               m - ring "Meucs" {rC- MR+ Str+10 Int+9 Dex-3}

@: about to teleport
A: no striking features
a: Heroism, Finesse, Renounce Religion, Convert to Beogh


You were on level 2 of the Orcish Mines.
You worshipped Okawaru.
Okawaru was exalted by your worship.
You were hungry.

You visited 3 branches of the dungeon, and saw 15 of its levels.
You also visited: Sewer.

You collected 1047 gold pieces.
You spent 266 gold pieces at shops.

Inventory:

Hand Weapons
 a - a +2 war axe (weapon)
Armour
 c - a +0 shield (worn)
 i - a +2 helmet (worn)
 t - the +2 pair of boots "Toete" (worn) {rN+ Str+4 Dex-2}
   (You bought it in a shop on level 9 of the Dungeon)

   It affects your strength (+4).
   It affects your dexterity (-2).
   It protects you from negative energy.
 z - a +2 plate armour (worn)
 B - a +1 pair of gloves of archery (worn)
Jewellery
 g - a +5 ring of protection (left hand)
 m - the ring "Meucs" (right hand) {rC- MR+ Str+10 Int+9 Dex-3}
   (You found it on level 9 of the Dungeon)

   [ring of protection from magic]

   It affects your strength (+10).
   It affects your intelligence (+9).
   It affects your dexterity (-3).
   It makes you vulnerable to cold.
   It affects your resistance to hostile enchantments.
 o - an uncursed ring of protection from fire
 C - an amulet of regeneration (around neck)
 E - an uncursed ring of resist corrosion
Wands
 s - a wand of enslavement (0/24)
 v - a wand of confusion (19/48)
 y - a wand of digging (15/24)
 G - a wand of lightning (0/15)
Scrolls
 h - a scroll of identify
 j - 4 scrolls of fog
 n - 6 scrolls of remove curse
 r - 3 scrolls of blinking
 u - 2 scrolls of immolation
Potions
 d - a potion of cancellation
 e - 3 potions of ambrosia
 k - 3 potions of magic
 p - 3 potions of flight
 q - a potion of brilliance
 x - 3 potions of mutation
 F - a potion of might
Comestibles
 f - 8 royal jellies
 D - 2 bread rations
 H - 3 meat rations


   Skills:
 * Level 9.7 Fighting
 * Level 15.1 Axes
 * Level 9.3 Armour
 + Level 1.9 Dodging
 + Level 1.1 Stealth
 * Level 10.3 Shields
 * Level 6.4 Evocations


You had 11 spell levels left.
You didn't know any spells.

Dungeon Overview and Level Annotations

Branches:
Dungeon (12/15)            Temple (1/1) D:4            Lair (0/6) D:11
    Orc (2/2) D:11
    Elf: Orc:2

Altars:
Ashenzari
Cheibriados
Elyvilon
Gozag
Hepliaklqana
Kikubaaqudgha
Makhleb
Nemelex Xobeh
Okawaru
Qazlal
Ru
Sif Muna
Trog
Uskayaw
Vehumet
Xom
Zin
Beogh

Shops:
D:6 ****   D:9 *   Orc:2 (

Portals:
Trove: D:10 (give 2 scrolls of acquirement)

Annotations:
Orc:2 Saint Roka


Message History

The orc warrior is heavily wounded.
You block the orc warrior's attack.
Saint Roka roars a battlecry!
The orcs go into a battle-frenzy!
Your orc warrior hits the orc warrior with a glaive!
The orc warrior hits your orc warrior with a scimitar!!
Your orc warrior dies!
The orc warrior shouts!
You hit the orc warrior.
The orc warrior is severely wounded.
Saint Roka shouts, "Beogh is our master!
Accept the truth or die!"
You block the orc warrior's attack.
Saint Roka calls down the wrath of Beogh upon you.
Beogh smites you!
* * * LOW HITPOINT WARNING * * *
You block the orc warrior's attack.
As you read the scroll of teleportation, it crumbles to dust.
You feel strangely unstable.
The orc warrior hits you with a scimitar!!
You die...

#................
##..............#.
#.....#........o..
##...#............
#...#......#o....
##o#.#....#.oo...
#)oo.....###.####
##oo#.o....#....##
#@o).o.......)....
##o##..###....#{#.
####### ###.###..
### ##. #. .. ..
.. ...


You could see Saint Roka, 4 orc warriors and 4 orcs.

Vanquished Creatures
  2 hydras (D:11)
  3 two-headed ogres
  An unseen horror (D:11)
  The ghost of toffzen the Geomancer, a novice DDEE of Makhleb (D:7)
  2 orc sorcerers (Orc:2)
  An ugly thing (D:11)
  2 manticores
  A centaur zombie (D:11)
  A troll (D:11)
  3 hornets
  A hippogriff (D:11)
  A wraith (D:10)
  Sigmund (D:5)
  9 yaks (D:9)
  2 hungry ghosts (D:10)
  Edmund (D:5)
  Grum (D:10)
  3 wargs
  3 soldier ants
  A water moccasin (D:6)
  3 sky beasts
  6 orc warriors
  4 ice beasts
  2 necrophages
  A phantom (D:9)
  7 ogres
  4 wolves (D:10)
  2 centaurs
  A big kobold (D:8)
  10 bullfrogs
  A wyvern zombie (D:10)
  2 scorpions
  5 killer bees (D:7)
  4 wights (D:9)
  4 howler monkeys
  2 electric eels (D:8)
  A crimson imp (D:5)
  4 jellies
  A quasit (D:10)
  A bullfrog skeleton (D:6)
  6 orc priests
  6 hounds
  3 gnoll shamans
  3 iguanas
  7 orc wizards
  11 worker ants
  2 hound zombies
  A hound skeleton (D:7)
  16 gnolls
  20 adders
  2 shadow imps
  2 adder zombies
  4 worms
  2 dart slugs
  10 leopard geckos
  40 orcs
  2 ball pythons (Sewer)
  6 bats
  15 giant cockroaches
  5 hobgoblins
  22 jackals
  3 quokkas
  7 frilled lizards
  5 goblins
  10 kobolds
  A quokka skeleton (D:4)
  A quokka zombie (D:9)
  6 rats
  4 plants (D:11)
327 creatures vanquished.

Vanquished Creatures (collateral kills)
  An orc warrior (Orc:2)
  An orc wizard (Orc:2)
2 creatures vanquished.

Vanquished Creatures (others)
  2 orc warriors (Orc:2)
  A hound skeleton (D:4)
3 creatures vanquished.

Grand Total: 332 creatures vanquished

Notes
Turn   | Place    | Note
-------+----------+-------------------------------------------
     0 | D:1      | homeworkjunkie the Hill Orc Fighter began the quest for the Orb.
     0 | D:1      | Reached XP level 1. HP: 19/19 MP: 1/1
   122 | D:1      | Reached skill level 3 in Axes
   122 | D:1      | Reached XP level 2. HP: 21/27 MP: 2/2
   420 | D:2      | Reached XP level 3. HP: 18/33 MP: 3/3
  1635 | D:3      | Reached XP level 4. HP: 40/40 MP: 4/4
  1639 | D:3      | Found a glowing drain.
  1658 | Sewer    | Entered a sewer
  1684 | Sewer    | Reached skill level 4 in Axes
  1900 | Sewer    | Noticed a bullfrog
  1902 | Sewer    | Noticed a bullfrog
  1912 | Sewer    | Killed a bullfrog
  1912 | Sewer    | Reached XP level 5. HP: 32/46 MP: 5/5
  1921 | Sewer    | Reached skill level 5 in Axes
  1921 | Sewer    | Reached XP level 6. HP: 31/53 MP: 6/6
  2465 | D:2      | Found an ancient bone altar of Kikubaaqudgha.
  2661 | D:2      | Reached skill level 1 in Dodging
  2979 | D:2      | Found a deep blue altar of Sif Muna.
  4110 | D:4      | Reached skill level 6 in Axes
  4110 | D:4      | Reached XP level 7. HP: 55/60 MP: 7/7
  4151 | D:4      | Reached skill level 5 in Shields
  4293 | D:4      | Found a snail-covered altar of Cheibriados.
  4337 | D:4      | Found a staircase to the Ecumenical Temple.
  4346 | Temple   | Entered the Ecumenical Temple
  4355 | Temple   | Became a worshipper of Warmaster Okawaru
  4387 | D:5      | Entered Level 5 of the Dungeon
  4661 | D:4      | Reached skill level 1 in Evocations
  4694 | D:4      | Reached skill level 5 in Fighting
  4694 | D:4      | Reached skill level 7 in Axes
  4694 | D:4      | Reached skill level 5 in Armour
  5016 | D:5      | Noticed Sigmund
  5771 | D:5      | Found a radiant altar of Vehumet.
  5830 | D:5      | Killed Sigmund
  5830 | D:5      | Reached XP level 8. HP: 55/68 MP: 9/9
  5893 | D:5      | Found a shattered altar of Ashenzari.
  5939 | D:5      | Noticed Edmund
  5978 | D:5      | Killed Edmund
  5978 | D:5      | Reached * piety under Okawaru
  5978 | D:5      | Reached skill level 8 in Axes
  6141 | D:5      | Found a bloodstained altar of Trog.
  6203 | D:5      | Found a shattered altar of Ashenzari.
  6738 | D:5      | Found a hide-covered altar of Uskayaw.
  7205 | D:6      | Found Vuirgh's Assorted Antiques.
  7206 | D:6      | Found a glowing silver altar of Zin.
  7433 | D:6      | Found a sacrificial altar of Ru.
  7501 | D:6      | Found Deohuaro's General Store.
  7519 | D:6      | Reached skill level 9 in Axes
  7524 | D:6      | Found a stormy altar of Qazlal.
  7525 | D:6      | Noticed an air elemental
  7525 | D:6      | Noticed a water elemental
  7545 | D:6      | Reached XP level 9. HP: 52/75 MP: 10/10
  7559 | D:6      | Found Eraleiq's Armour Shop.
  7600 | D:6      | Found Vuth's General Store.
  7744 | D:6      | Found Aci Tuod's General Store.
  8108 | D:7      | Reached ** piety under Okawaru
  8109 | D:7      | Noticed toffzen's ghost (novice DDEE)
  8174 | D:6      | Reached skill level 10 in Axes
  8552 | D:7      | Found an opulent altar of Gozag.
  8632 | D:7      | Killed toffzen's ghost
  8632 | D:7      | Reached *** piety under Okawaru
  8632 | D:7      | Reached skill level 11 in Axes
  9490 | D:8      | Found a sparkling altar of Nemelex Xobeh.
  9504 | D:8      | Reached XP level 10. HP: 68/84 MP: 12/12
  9545 | D:9      | Found Oloam's Assorted Antiques.
  9575 | D:9      | Noticed a two-headed ogre
  9588 | D:9      | Killed a two-headed ogre
  9588 | D:9      | Reached **** piety under Okawaru
  9588 | D:9      | Reached skill level 1 in Stealth
  9798 | D:8      | Reached skill level 12 in Axes
  9899 | D:8      | Noticed a two-headed ogre
  9926 | D:8      | Killed a two-headed ogre
 10427 | D:8      | Reached ***** piety under Okawaru
 10617 | D:10     | Entered Level 10 of the Dungeon
 10622 | D:9      | Bought a pair of scorched boots for 266 gold pieces
 10627 | D:9      | Identified the +2 pair of boots "Toete" {rN+ Str+4 Dex-2} (You bought it in a shop on level 9 of the Dungeon)
 10667 | D:9      | Got a steaming jade ring
 10961 | D:9      | Identified the ring "Meucs" {rC- MR+ Str+10 Int+9 Dex-3} (You found it on level 9 of the Dungeon)
 10962 | D:9      | Found a shimmering altar of Xom.
 11168 | D:9      | Reached skill level 13 in Axes
 11168 | D:9      | Reached XP level 11. HP: 76/94 MP: 14/14
 11349 | D:9      | Reached skill level 5 in Evocations
 11522 | D:10     | Noticed Grum
 11544 | D:10     | Received a gift from Okawaru
 11565 | D:10     | Killed Grum
 11774 | D:10     | Noticed a manticore
 11783 | D:10     | Killed a manticore
 12109 | D:11     | Noticed an eight-headed hydra
 12204 | D:10     | Paralysed by a hornet for 3 turns
 12394 | D:10     | Found a portal to a secret trove of treasure.
 12468 | D:11     | Noticed a manticore
 12475 | D:11     | Killed a manticore
 12495 | D:11     | Reached skill level 14 in Axes
 12520 | D:11     | Noticed a green ugly thing
 12532 | D:11     | Killed a green ugly thing
 12719 | D:11     | Noticed a two-headed ogre
 12726 | D:11     | Killed a two-headed ogre
 12737 | D:11     | Found a staircase to the Orcish Mines.
 12757 | D:11     | Noticed a six-headed hydra
 12770 | D:11     | Killed a six-headed hydra
 12770 | D:11     | Reached ****** piety under Okawaru
 12770 | D:11     | Reached skill level 10 in Shields
 12788 | D:11     | Killed an unseen horror
 12788 | D:11     | Reached XP level 12. HP: 92/104 MP: 16/16
 12964 | D:11     | Found a staircase to the Lair.
 13085 | D:11     | Killed an eight-headed hydra
 13636 | Orc:1    | Entered Level 1 of the Orcish Mines
 13771 | Orc:2    | Entered Level 2 of the Orcish Mines
 13827 | Orc:2    | Noticed a soul eater
 13852 | Orc:2    | Found a roughly hewn altar of Beogh.
 13872 | Orc:2    | Paralysed by an orc sorcerer for 6 turns
 13886 | Orc:2    | Reached skill level 15 in Axes
 13992 | Orc:2    | Found a roughly hewn altar of Beogh.
 14058 | Orc:2    | Found a roughly hewn altar of Beogh.
 14058 | Orc:2    | Found Nostra Isiu's Weapon Shop.
 14166 | Orc:2    | Noticed Saint Roka
 14264 | Orc:2    | Slain by an orc warrior

Skill      XL: |  1  2  3  4  5  6  7  8  9 10 11 12 |
---------------+-------------------------------------+-----
Axes           | 3 4 5 6 7 9 11 13 14 15 | 15.1
Fighting       | 4 5 6 7 9 |  9.7
Shields        | 4 5 6 7 8 10 | 10.3
Armour         | 4 5 6 8 9 |  9.3
Dodging        | 1 |  1.9
Evocations     | 1 2 3 4 6 |  6.4
Stealth        | 1 |  1.1

Action                   |  1- 3 |  4- 6 |  7- 9 | 10-12 || total
-------------------------+-------+-------+-------+-------++-------
Melee: War axe           |   113 |   204 |   497 |   544 ||  1358
Evoke: Wand              |       |       |     4 |    20 ||    24
  Use: Scroll            |     5 |     4 |    11 |    14 ||    34
       Potion            |       |     2 |     5 |     5 ||    12
 Stab: Invisible         |       |       |     2 |       ||     2
  Eat: Meat ration       |     1 |       |     1 |       ||     2
       Fruit             |       |     3 |       |       ||     3
       Royal jelly       |       |     2 |       |     4 ||     6
       Chunk             |       |     1 |       |     2 ||     3
       Bread ration      |       |       |     3 |     2 ||     5
Armor: Scale mail        |    46 |    98 |       |       ||   144
       Chain mail        |       |    32 |   257 |       ||   289
       Plate armour      |       |       |       |   295 ||   295
Dodge: Dodged            |    38 |    77 |   113 |   122 ||   350
Block: Shield            |    62 |   127 |   296 |   313 ||   798
